 Dungeon Crawl Stone Soup version 0.24-a0-139-geb6712d (webtiles) character file.

Game seed: 16085184268461488970

375 Dfrag the Firebug (level 6, -1/49 HPs)
             Began as a Naga Fire Elementalist on Mar 4, 2019.
             Was an Initiate of Makhleb.
             Killed by miscasting Sticky Flame (11 damage)
             ... on level 4 of the Dungeon.
             The game lasted 00:07:23 (3106 turns).

Dfrag the Firebug (Naga Fire Elementalist)          Turns: 3106, Time: 00:07:24

Health: -1/49      AC: 10    Str: 10    XL:     6   Next: 73%
Magic:  3/12       EV: 10    Int: 17    God:    Makhleb [......]
Gold:   108        SH:  0    Dex: 12    Spells: 5/13 levels left

rFire    + . .     SeeInvis +   h - +0 spear
rCold    x . .     Gourm    .   (no shield)
rNeg     . . .     Faith    .   j - +2 animal skin
rPois    +         Spirit   .   n - +0 helmet
rElec    .         Reflect  .   (no cloak)
rCorr    .         Harm     .   (no gloves)
MR       .....                  m - +0 naga barding
Stlth    ++........             (no amulet)
HPRegen  0.16/turn              v - ring of fire
MPRegen  0.13/turn              w - +2 ring of evasion

@: short of breath, very slightly contaminated, very slow
A: large, see invisible, deformed body, poison resistance, slowness 2, slow
metabolism 1, spit poison 1, AC +2
a: Spit Poison, Renounce Religion


You were on level 4 of the Dungeon.
You worshipped Makhleb.
Makhleb was noncommittal.
You were not hungry.

You visited 2 branches of the dungeon, and saw 5 of its levels.

You collected 108 gold pieces.

Inventory:

Hand Weapons
 h - a +0 spear (weapon)
Armour
 j - a +2 animal skin (worn)
 m - a +0 naga barding (worn)
 n - a +0 helmet (worn)
Jewellery
 v - a ring of fire (left hand)
 w - a +2 ring of evasion (right hand)
 x - an uncursed ring of protection from fire
 y - an uncursed ring of flight
Wands
 d - a wand of disintegration (8)
 i - a wand of digging (6)
Scrolls
 b - 5 scrolls of identify {unknown}
 e - 2 scrolls of magic mapping {unknown}
 f - a scroll of blinking {unknown}
 g - a scroll of immolation {unknown}
 l - a scroll of fear {unknown}
 p - 3 scrolls of remove curse {unknown}
 q - a scroll of enchant armour {unknown}
 s - a scroll of teleportation {unknown}
 u - a scroll of amnesia {unknown}
Potions
 a - a potion of heal wounds {unknown}
 k - a potion of resistance {unknown}
 o - a potion of degeneration {unknown}
 t - 3 potions of brilliance
Comestibles
 c - 6 rations


   Skills:
 - Level 1.5 Dodging
 - Level 3.0 Stealth
 + Level 4.0 Spellcasting
 + Level 3.8 Conjurations
 + Level 4.8 Fire Magic


You had 5 spell levels left.
You knew the following spells:

 Your Spells              Type           Power        Failure   Level  Hunger
a - Flame Tongue          Conj/Fire      ####.        2%          1    None
b - Conjure Flame         Conj/Fire      ####....     8%          3    ###....
c - Sticky Flame          Conj/Fire      ####....     26%         4    ####...

Your spell library contained the following spells:

 Spells                   Type           Power        Failure   Level  Hunger
 Throw Flame              Conj/Fire      ####..       4%          2    ##.....
 Inner Flame              Hex/Fire       ###.....     17%         3    ###....
 Fireball                 Conj/Fire      ####......   58%         5    ######.


Dungeon Overview and Level Annotations

Branches:
Dungeon (4/15)             Temple (1/1) D:4

Altars:
Cheibriados
Dithmenos
Elyvilon
Fedhas
Hepliaklqana
Kikubaaqudgha
Makhleb
Nemelex Xobeh
Okawaru
Qazlal
Ru
Sif Muna
Trog
Uskayaw
Wu Jian
Xom
Yredelemnul
Zin


Innate Abilities, Weirdness & Mutations

You cannot wear boots.
Your serpentine skin is tough. (AC +2)
You have supernaturally acute eyesight. (SInv)
Armour fits poorly on your strangely shaped body.
Your system is resistant to poisons. (rPois)
You cover ground very slowly.
You have a slow metabolism.
You can spit poison.


Message History

The ogre hits you with a +0 giant club!!
* * * LOW HITPOINT WARNING * * *
Press: ? - help, Shift-Dir - straight line, f/p - ogre
Aim: an ogre, wielding a +0 giant club (almost dead)
The splash of poison hits the ogre!
The ogre is poisoned.
You kill the ogre!
Makhleb accepts your kill.
You feel your dexterity returning.
Your Spellcasting skill increases to level 4!
You feel slightly more hungry.
Unknown command.
The ogre misses you.
Casting: Sticky Flame (quite dangerous; 26% risk of failure)
Confirm with . or Enter, or press ? or * to list all spells.
Aiming: Sticky Flame (quite dangerous; 26% risk of failure)
Press: ? - help, Shift-Dir - straight line, f - ogre
Aim: an ogre, wielding a +0 giant club You feel a surge of power!
You miscast Sticky Flame.
A wave of violent energy washes through your body!
You die...

#........## ####.
##..### ##.......#
##.... ##.....####
#####.### #.....
##....##...# ###
#.....##.......###.
##...#.....####
##..####.....#
##..## #.....#
###..## #.....#
#.@### ##....#
#.O## ##...# P
#$... ##.##..
....... ### .P
...%..8...
##.........
#....8.....
#...........


You could see an ogre.

Vanquished Creatures
  An ogre (D:4)
  A quasit (D:2)
  2 orc wizards (D:4)
  A hound (D:4)
  A bullfrog skeleton (D:4)
  Robin (D:2)
  An adder (D:2)
  A gnoll (D:4)
  An ooze (D:3)
  A worm (D:2)
  3 dart slugs
  4 leopard geckos
  12 orcs
  16 goblins
  4 hobgoblins
  8 jackals (D:3)
  6 kobolds
  5 quokkas
  4 bats
  3 frilled lizards
  11 rats
87 creatures vanquished.

Vanquished Creatures (others)
  A goblin (D:2)
1 creature vanquished.

Grand Total: 88 creatures vanquished

Notes
Turn   | Place    | Note
-------+----------+-------------------------------------------
     0 | D:1      | Dfrag the Naga Fire Elementalist began the quest for the
                  | Orb.
     0 | D:1      | Reached XP level 1. HP: 15/15 MP: 3/3
    69 | D:1      | Reached XP level 2. HP: 18/22 MP: 1/5
   515 | D:1      | Reached XP level 3. HP: 23/28 MP: 2/6
   932 | D:2      | Learned a level 3 spell: Conjure Flame
   968 | D:2      | Found a white marble altar of Elyvilon.
  1093 | D:2      | Noticed Robin
  1125 | D:2      | Reached XP level 4. HP: 31/36 MP: 3/8
  1134 | D:2      | Killed Robin
  1742 | D:3      | Learned a level 4 spell: Sticky Flame
  1775 | D:3      | Reached XP level 5. HP: 42/42 MP: 5/9
  2096 | D:3      | Found an iron altar of Okawaru.
  2098 | D:3      | Found a sparkling altar of Nemelex Xobeh.
  2539 | D:4      | Found a shadowy altar of Dithmenos.
  2549 | D:4      | Found a snail-covered altar of Cheibriados.
  2587 | D:4      | Found a blossoming altar of Fedhas.
  2670 | D:4      | Reached XP level 6. HP: 38/49 MP: 9/11
  2856 | D:4      | Found a staircase to the Ecumenical Temple.
  2949 | Temple   | Entered the Ecumenical Temple
  3034 | Temple   | Became a worshipper of Makhleb the Destroyer
  3106 | D:4      | Killed by miscasting Sticky Flame

Levels and vault maps discovered:
D:1:      psy_arrival_radial01, layout_basic, st_stairs_13,
          minmay_misc_feat_encased
D:2:      layout_loops_cross, nicolae_overflow_crystal_walls, uniq_robin
D:3:      layout_basic, chequers_temple_overflow_statue_of_worship,
          first_ration, minmay_liquid_box
D:4:      layout_cave_pods, fedhas_altar_1, grunt_dithmenos_smoke_and_mirrors,
          cheibriados_altar_1, minmay_temple_entry_wispy, serial_column_ruins,
          column_ruins_pillar_2, column_ruins_pillar_5, column_ruins_pillar_6,
          column_ruins_pillar_2, column_ruins_pillar_9, column_ruins_pillar_1,
          column_ruins_pillar_6, column_ruins_pillar_1, column_ruins_pillar_7,
          column_ruins_pillar_6, column_ruins_pillar_3, column_ruins_pillar_2,
          column_ruins_pillar_1, column_ruins_pillar_6, minmay_divided_ellipse
Temple:   nicolae_temple_hex_pool

Skill      XL: |  1  2  3  4  5  6 |
---------------+-------------------+-----
Conjurations   | 2 3 |  3.8
Spellcasting   | 3 4 |  4.0
Fire Magic     | 4 |  4.8
Dodging        | |  1.5
Stealth        | |  3.0

Action                   |  1- 3 |  4- 6 || total
-------------------------+-------+-------++-------
Melee: Unarmed           |     5 |       ||     5
       Spear             |       |    29 ||    29
 Cast: Flame Tongue      |    32 |    77 ||   109
       Sticky Flame      |       |     4 ||     4
 Abil: Spit Poison       |    26 |    12 ||    38
  Use: Potion            |       |     2 ||     2
  Eat: Chunk             |     2 |     7 ||     9
Armor: Robe              |    12 |    46 ||    58
       Animal skin       |       |    43 ||    43
Dodge: Dodged            |    26 |    50 ||    76

Table legend:
 A = Non-vault XP
 B = Vault XP
 C = Vault XP percentage of total XP
 D = Non-vault monster count
 E = Vault monster count
 F = Vault count percentage of total count
                 A         B        C        D         E       F
            +---------+---------+-------+---------+---------+-------
      Total |     444 |      93 |  17.3 |      72 |      15 |  17.2
            +---------+---------+-------+---------+---------+-------
        D:1 |      43 |       1 |   2.3 |      23 |       1 |   4.2
        D:2 |      78 |      34 |  30.4 |      11 |      10 |  47.6
        D:3 |      70 |       0 |   0.0 |      29 |       0 |   0.0
        D:4 |     253 |      58 |  18.6 |       9 |       4 |  30.8
            +---------+---------+-------+---------+---------+-------
